 Dungeon Crawl Stone Soup version 0.23-a0-844-gdc03e01 (console) character file.

82 bli the Sneak (level 4, 0/23 HPs)
             Began as a Spriggan Assassin on Jan 26, 2019.
             Slain by a worm (7 damage)
             ... on level 2 of the Dungeon.
             The game lasted 00:03:44 (1296 turns).

bli the Sneak (Spriggan Assassin)                   Turns: 1296, Time: 00:03:44

Health: 0/23       AC:  3    Str:  7    XL:     4   Next: 21%
Magic:  5/5        EV: 19    Int: 12    God:
Gold:   93         SH:  0    Dex: 18    Spells: 3/3 levels left

rFire    . . .     SeeInvis +   a - +2 dagger
rCold    . . .     Gourm    .   (shield restricted)
rNeg     + . .     Faith    .   c - +0 robe
rPois    .         Spirit   .   (helmet restricted)
rElec    .         Reflect  .   d - +0 cloak
rCorr    .         Harm     .   (gloves unavailable)
MR       .....                  (boots unavailable)
Stlth    +++.......             (no amulet)
HPRegen  0.07/turn              m - ring of positive energy
MPRegen  0.09/turn              (no ring)

@: very quick
A: very small, unfitting armour, see invisible, herbivore, speed 3, slow
metabolism 2
a: no special abilities


You were on level 2 of the Dungeon.
You were not hungry.

You visited 1 branch of the dungeon, and saw 2 of its levels.

You collected 93 gold pieces.

Inventory:

Hand Weapons
 a - a +2 dagger (weapon)
 b - a +0 blowgun
 o - a +0 hunting sling
Missiles
 e - 36 poisoned needles
 f - 2 curare-tipped needles
 n - 28 arrows
Armour
 c - a +0 robe (worn)
 d - a +0 cloak (worn)
Jewellery
 m - a ring of positive energy (left hand)
Scrolls
 l - a scroll of immolation {unknown}
 p - a scroll of remove curse {unknown}
 r - a scroll of teleportation {unknown}
 s - a scroll of random uselessness {unknown}
Potions
 h - a potion of haste {unknown}
 j - a potion of lignification {unknown}
 k - a potion of curing {unknown}
 q - a potion of agility {unknown}
Comestibles
 g - 2 rations


   Skills:
 * Level 1.9 Fighting
 * Level 3.9 Short Blades
 - Level 2.0 Throwing
 * Level 3.6 Dodging
 - Level 6.0 Stealth


You had 3 spell levels left.
You didn't know any spells.
Your spell library was empty.

Dungeon Overview and Level Annotations

Branches:
Dungeon (2/15)

Altars:


Innate Abilities, Weirdness & Mutations

You are very small and have problems with some larger weapons.
You are too small for most types of armour.
You have supernaturally acute eyesight. (SInv)
You are a herbivore.
You cover ground extremely quickly.
You need to consume almost no food.


Message History

The worm is lightly wounded.
You barely miss the worm.
The worm is lightly wounded.
The worm barely misses you.
You hit the worm.
The worm is moderately wounded.
You hit the worm but do no damage.
The worm is moderately wounded.
The worm completely misses you.
You hit the worm.
The worm is heavily wounded.
You hit the worm but do no damage.
The worm is heavily wounded.
The worm bites you.
You hit the worm.
The worm is heavily wounded.
You hit the worm but do no damage.
The worm is heavily wounded.
The worm bites you!
You die...

#########
######################........
#............>............#
#.###....####.########.##.####
#.# #....#.............##..##.
#.###....#.##@############.##.
#........'.##w#........ #.##.
#####....####(#........ #..#.
#....# #(#..$..... ##...
#...)# #.#w5...... #... #....#
#.#........ #.). ######
#.#........ #..# #((.(......
.... ########... ##..# ## ##.#
#.#


You could see a worm.

Vanquished Creatures
  Natasha (D:2)
  2 adders (D:2)
  A dart slug (D:1)
  A leopard gecko (D:2)
  A giant cockroach (D:1)
  5 goblins (D:1)
  5 hobgoblins
  7 jackals
  A bat (D:1)
  2 frilled lizards (D:1)
  8 kobolds
  A rat (D:1)
35 creatures vanquished.

Notes
Turn   | Place    | Note
-------+----------+-------------------------------------------
     0 | D:1      | bli the Spriggan Assassin began the quest for the Orb.
     0 | D:1      | Reached XP level 1. HP: 10/10 MP: 2/2
    33 | D:1      | Reached skill level 6 in Stealth
   122 | D:1      | Reached XP level 2. HP: 14/14 MP: 3/3
   972 | D:2      | Reached XP level 3. HP: 16/18 MP: 4/4
  1255 | D:2      | Noticed Natasha
  1273 | D:2      | Killed Natasha
  1273 | D:2      | Reached XP level 4. HP: 11/23 MP: 5/5
  1296 | D:2      | Slain by a worm

Vault maps used:
D:1:      dpeg_arrival_windows_large_door
D:2:      tgw_trog, first_ration, chequers_ecumenical_altar_twisty, uniq_natasha

Skill      XL: |  1  2 |
---------------+-------+-----
Stealth        | 6 |  6.0
Dodging        | 2 3 |  3.6
Short Blades   | 3 |  3.9
Fighting       | |  1.9
Throwing       | |  2.0

Action                   |  1- 3 |  4- 6 || total
-------------------------+-------+-------++-------
Melee: Dagger            |   127 |    13 ||   140
 Fire: Blowgun           |     2 |       ||     2
Throw: Stone             |     6 |     6 ||    12
 Stab: Sleeping          |     6 |       ||     6
       Distracted        |     1 |       ||     1
Armor: Robe              |    13 |       ||    13
Dodge: Dodged            |    78 |     4 ||    82

Table legend:
 A = Non-vault XP
 B = Vault XP
 C = Vault XP percentage of total XP
 D = Non-vault monster count
 E = Vault monster count
 F = Vault count percentage of total count
                 A         B        C        D         E       F
            +---------+---------+-------+---------+---------+-------
      Total |      82 |      36 |  30.5 |      34 |       1 |   2.9
            +---------+---------+-------+---------+---------+-------
        D:1 |      35 |       0 |   0.0 |      21 |       0 |   0.0
        D:2 |      47 |      36 |  43.4 |      13 |       1 |   7.1
            +---------+---------+-------+---------+---------+-------
